 Dungeon Crawl Stone Soup version 0.20-a0-1039-gf554463 (webtiles) character file.

745 Deathtrap2010 the Chopper (level 7, -9/54 HPs)
             Began as a Minotaur Fighter on Apr 22, 2017.
             Mangled by an ogre
             ... wielding a +0 giant spiked club
              (20 damage)
             ... on level 5 of the Dungeon.
             The game lasted 00:14:01 (2588 turns).

Deathtrap2010 the Chopper (Minotaur Fighter)        Turns: 2588, Time: 00:14:01

Health: -9/54      AC: 15    Str: 27 (28) XL:     7   Next: 47%
Magic:  6/6        EV:  6    Int:  8 (9)  God:
Gold:   227        SH: 10    Dex:  9      Spells: 6/6 levels left

rFire    x . .     SeeInvis .   a - +0 war axe
rCold    + . .     Gourm    .   c - +0 shield
rNeg     . . .     Faith    .   h - +0 plate armour of Benevolence {rF- rC+ Int+4}
rPois    .         Spirit   .   (helmet restricted)
rElec    .         Reflect  .   (no cloak)
rCorr    .         Harm     .   (no gloves)
MR       .....                  k - +0 pair of boots {run}
Stlth    ..........             (no amulet)
Regen    0.2/turn               (no ring)
MPRegen  0.1/turn               (no ring)

@: mighty, quick
A: retaliatory headbutt, horns 2, thin metallic scales 1, frail 1
a: no special abilities


You were on level 5 of the Dungeon.
You were not hungry.

You visited 1 branch of the dungeon, and saw 5 of its levels.
You also visited: Sewer.

You collected 227 gold pieces.

Inventory:

Hand Weapons
 a - a +0 war axe (weapon)
Armour
 c - a +0 shield (worn)
 h - the +0 plate armour of Benevolence (worn) {rF- rC+ Int+4}
   (You acquired it on level 3 of the Dungeon)

   It affects your intelligence (+4).
   It makes you vulnerable to fire.
   It protects you from cold.
 k - a +0 pair of boots of running (worn)
Wands
 b - a wand of polymorph (10/24)
Scrolls
 i - a scroll of identify
 j - a scroll of remove curse
Potions
 d - a potion of might
 f - 2 potions of brilliance {unknown}
Comestibles
 g - 3 meat rations


   Skills:
 * Level 5.2 Fighting
 * Level 6.6 Axes
 * Level 5.4 Armour
 * Level 2.3 Dodging
 * Level 5.8 Shields


You had 6 spell levels left.
You didn't know any spells.

Dungeon Overview and Level Annotations

Branches:
Dungeon (5/15)
 Temple: D:4-7

Altars:


Innate Abilities, Weirdness & Mutations

You reflexively headbutt those who attack you in melee.
You have a pair of horns on your head.
You are partially covered in thin metallic scales. (AC +2)
You are frail. (-10% HP)


Message History

You block something's attack. You block the ogre's attack.
You feel better.
You hear some strange, mumbled words.
A magic dart appears from out of thin air!
The magic dart hits you!
* * * LOW HITPOINT WARNING * * *
The orc priest hits you but does no damage.
You block the ogre's attack.
You slice the orc priest!!
You kill the orc priest!
You slice something!!
Reactivating autopickup.
You feel a bit more experienced.
You barely miss the ogre. You block the ogre's attack.
You slash the ogre!
The ogre is severely wounded.
Your plate armour of Benevolence prevents you from hitting the ogre.
The ogre is severely wounded.
The ogre hits you with a giant spiked club!!
You die...

#.##.#.##
######........
#>....<...#
#.######### #.#
#.# #)#
...####.###
......)@..#
......O)#......
.......########
...##.# .. .# #
># ##


You could see an ogre.

Vanquished Creatures
  Grinder (D:3)
  Eustachio (D:5)
  2 bullfrogs (Sewer)
  3 orc priests (D:5)
  2 iguanas (D:4)
  2 orc wizards (D:5)
  A worker ant (D:4)
  A gnoll (D:1)
  2 oozes
  2 worms
  3 leopard geckos
  13 giant cockroaches
  5 hobgoblins
  3 jackals (D:2)
  3 quokkas (D:3)
  9 ball pythons
  5 bats
  5 frilled lizards (Sewer)
  4 goblins
  11 kobolds
  3 rats
  A bush (D:2)
82 creatures vanquished.

Notes
Turn   | Place    | Note
-------+----------+-------------------------------------------
     0 | D:1      | Deathtrap2010 the Minotaur Fighter began the quest for the Orb.
     0 | D:1      | Reached XP level 1. HP: 19/19 MP: 0/0
   246 | D:1      | Reached XP level 2. HP: 26/27 MP: 1/1
   495 | D:1      | Reached XP level 3. HP: 4/33 MP: 2/2
  1301 | D:3      | Found a glowing drain.
  1326 | Sewer    | Entered a sewer
  1333 | Sewer    | Reached XP level 4. HP: 41/41 MP: 3/3
  1440 | Sewer    | Reached skill level 3 in Axes
  1488 | Sewer    | Noticed a bullfrog
  1489 | Sewer    | Noticed a bullfrog
  1495 | Sewer    | Killed a bullfrog
  1495 | Sewer    | Reached XP level 5. HP: 29/47 MP: 4/4
  1495 | Sewer    | Reached skill level 4 in Axes
  1495 | Sewer    | Reached skill level 1 in Dodging
  1495 | Sewer    | Reached skill level 5 in Shields
  1640 | Sewer    | Gained mutation: You are frail. (-10% HP) [potion of mutation]
  1640 | Sewer    | Gained mutation: You are partially covered in thin metallic scales. (AC +2) [potion of mutation]
  1953 | D:3      | Identified a scroll of acquirement
  1954 | D:3      | Got an ancient plate armour
  1965 | D:3      | Identified the +0 plate armour of Benevolence {rF- rC+ Int+4} (You acquired it on level 3 of the Dungeon)
  1980 | D:3      | Noticed Grinder
  1990 | D:3      | Paralysed by Grinder for 2 turns
  1994 | D:3      | Killed Grinder
  1994 | D:3      | Reached skill level 5 in Fighting
  1994 | D:3      | Reached skill level 5 in Axes
  1994 | D:3      | Reached XP level 6. HP: 10/50 MP: 5/5
  2252 | D:3      | Identified a +0 pair of boots of running (You found it on level 3 of the Dungeon)
  2448 | D:4      | Reached skill level 5 in Armour
  2537 | D:5      | Entered Level 5 of the Dungeon
  2541 | D:5      | Noticed Eustachio
  2571 | D:5      | Killed Eustachio
  2571 | D:5      | Reached XP level 7. HP: 54/54 MP: 6/6
  2579 | D:5      | Reached skill level 6 in Axes
  2588 | D:5      | Mangled by an ogre

Vault maps used:
D:1:      minmay_arrival_widening_spiral_wide
D:2:      kb_forest_paths, serial_forest, infiniplex_forest_clump_diagonal,
          infiniplex_forest_zigzag_2, infiniplex_forest_lined_corner,
          infiniplex_forest_corner_1, infiniplex_forest_lined_3,
          infiniplex_forest_straight_4, infiniplex_forest_lined_room_,
          kennysheep_generic_room_9
D:3:      first_bread, portal_sewer_entry_f, uniq_grinder
D:4:      nicolae_temple_entry_ecumenical, uniq_ijyb
D:5:      serial_shops, shop, kennysheep_mini_moat, shop, uniq_pikel,
          uniq_eustachio, uniq_crazy_yiuf_cottage
Sewer:    sewer_frog_island_01

Skill      XL: |  1  2  3  4  5  6  7 |
---------------+----------------------+-----
Fighting       | 4 5 |  5.2
Shields        | 4 5 |  5.8
Armour         | 4 5 |  5.4
Axes           | 3 5 6 |  6.6
Dodging        | 1 2 |  2.3

Action                   |  1- 3 |  4- 6 |  7- 9 || total
-------------------------+-------+-------+-------++-------
Melee: War axe           |   123 |    92 |    12 ||   227
       Headbutt          |    24 |    12 |     2 ||    38
Evoke: Wand              |       |     1 |       ||     1
  Use: Potion            |     3 |     3 |     1 ||     7
       Scroll            |     5 |     6 |       ||    11
  Eat: Bread ration      |     1 |     1 |       ||     2
Armor: Scale mail        |    76 |    29 |       ||   105
       Plate armour      |       |    40 |     9 ||    49
Dodge: Dodged            |    48 |    30 |     1 ||    79
Block: Shield            |    87 |    83 |     6 ||   176
